Workbook
Name \0: #REF!
Name \00: #REF!
Name \a: #REF!
Name \AA: [1]LIQUIDACION!#REF!
Name \b: [2]STRSUMM0!#REF!
Name \bb: [2]STRSUMM0!#REF!
Name \E: #REF!
Name \EE: #REF!
Name \G: #REF!
Name \k: '[3]7422CW00'!#REF!
Name \l: [4]STRSUMM0!#REF!
Name \M: #REF!
Name \ñ: '[5]7422CW00'!#REF!
Name \P: #REF!
Name \R: #REF!
Name \s: #REF!
Name \V: #REF!
Name \X: [0]!ERR
Name \Z: [0]!ERR
Name _______________AFC1: [6]INV!$A$25:$D$28
Name _______________AFC3: [6]INV!$F$25:$I$28
Name _______________AFC5: [6]INV!$K$25:$N$28
Name _______________BGC1: [6]INV!$A$5:$D$8
Name _______________BGC3: [6]INV!$F$5:$I$8
Name _______________BGC5: [6]INV!$K$5:$N$8
Name _______________CAC1: [6]INV!$A$19:$D$22
Name _______________CAC3: [6]INV!$F$19:$I$22
Name _______________CAC5: [6]INV!$K$19:$N$22
Name _______________INF1: #REF!
Name _______________oa55: #REF!
Name _______________SBC1: [6]INV!$A$12:$D$15
Name _______________SBC3: [6]INV!$F$12:$I$15
Name _______________SBC5: [6]INV!$K$12:$N$15
Name ______________AFC1: [6]INV!$A$25:$D$28
Name ______________AFC3: [6]INV!$F$25:$I$28
Name ______________AFC5: [6]INV!$K$25:$N$28
Name ______________BGC1: [6]INV!$A$5:$D$8
Name ______________BGC3: [6]INV!$F$5:$I$8
Name ______________BGC5: [6]INV!$K$5:$N$8
Name ______________CAC1: [6]INV!$A$19:$D$22
Name ______________CAC3: [6]INV!$F$19:$I$22
Name ______________CAC5: [6]INV!$K$19:$N$22
Name ______________oa55: #REF!
Name ______________SBC1: [6]INV!$A$12:$D$15
Name ______________SBC3: [6]INV!$F$12:$I$15
Name ______________SBC5: [6]INV!$K$12:$N$15
Name _____________AFC1: [6]INV!$A$25:$D$28
Name _____________AFC3: [6]INV!$F$25:$I$28
Name _____________AFC5: [6]INV!$K$25:$N$28
Name _____________BGC1: [6]INV!$A$5:$D$8
Name _____________BGC3: [6]INV!$F$5:$I$8
Name _____________BGC5: [6]INV!$K$5:$N$8
Name _____________CAC1: [6]INV!$A$19:$D$22
Name _____________CAC3: [6]INV!$F$19:$I$22
Name _____________CAC5: [6]INV!$K$19:$N$22
Name _____________oa55: #REF!
Name _____________SBC1: [6]INV!$A$12:$D$15
Name _____________SBC3: [6]INV!$F$12:$I$15
Name _____________SBC5: [6]INV!$K$12:$N$15
Name ____________AFC1: [6]INV!$A$25:$D$28

Sheet PO OPC1
F2: 1
C3: INSTITUTO NACIONAL DE VÍAS - INVIAS DIRECCIÓN TERRITORIAL CUNDINAMARCA
C4: OBJETO: SUMINISTRO DE MEZCLA ASFÁLTICA VÍA 40CNA PASO POR CHIPAQUE (ANTIGUA VIA AL LLANO) SECTOR PR0+0000 - PR0+0750
C5: PRESUPUESTO OFICIAL
C7: Nº | D7: ITEM DE PAGO | E7: ESPECIFICACIONES | G7: DESCRIPCION | H7: UND. | I7: CANTIDAD | J7: VALOR UNITARIO | K7: VALOR TOTAL
E8: GENERAL | F8: PARTICULAR
C9: ACTIVIDADES
C10: 1 | D10: 450.10P | E10: 450-13 | F10: 450.10P | G10: SUMINISTRO DE MEZCLA ASFALTICA EN CALIENTE PARA BACHEO MDC19-INCLUYE TRANSPORTE HASTA EL SITIO DE LA OBRA Y DESCARGUE EN CADA BACHE QUE SE VAYA A RELLENAR A LO LARGO DE LA VÍA) | H10: M3 | I10: 114 | J10: ='450.2P'!N88 -> 579600 | K10: =ROUND(I10*J10,0) -> 66074400
C11: 2 | D11: 411.1P | E11: 411-13 | F11: 411.1P | G11: SUMINISTRO DE EMULSION ASFALTICA CRR-1 | H11: Litro | I11: =ROUND(((I10/0.12)*1.7),0)+78 -> 1693 | J11: ='411.1P'!N88 -> 2205 | K11: =ROUND(I11*J11,0) -> 3733065
C12: 3 | F12: ='465.2P'!B31 -> 465.2P | G12: SUMINISTRO DE COMPACTADOR VIBRATORIO PARA ACTIVIDADES DE BACHEO DE PAVIMENTO (INCLUYE TRANSPORTE, OPERADOR Y COMBUSTIBLE) | H12: M3 | I12: =I10 -> 114 | J12: ='465.2P'!N88 -> 14700 | K12: =ROUND(I12*J12,0) -> 1675800
C13: 4 | F13: ='465.5P'!B31 -> 465.5P | G13: SUMINISTRO DE TERMINADORA DE ASFALTO PARA ACTIVIDADES DE BACHEO DE PAVIMENTO (INCLUYE TRANSPORTE) | H13: M3 | I13: =I10 -> 114 | J13: ='465.1P'!N88 -> 23363 | K13: =ROUND(I13*J13,0) -> 2663382
C14: 5 | F14: ='465.3P'!B31 -> 465.3P | G14: SUMINISTRO DE FRESADORA DE PAVIMENTO ASFALTICO PARA ACTIVIDADES DE BACHEO DE PAVIMENTO (INCLUYE TRANSPORTE) | H14: M3 | I14: =ROUND(I10/1.25,0) -> 91 | J14: ='465.3P'!N88 -> 33075 | K14: =ROUND(I14*J14,0) -> 3009825
C15: 6 | F15: 900 | G15: TRANSPORTE PROVENIENTE DE LAS EXCAVACIONES Y FRESADOS | H15: M3KM | I15: =I10*10 -> 1140 | J15: ='900.00'!N88 -> 1313 | K15: =ROUND(I15*J15,0) -> 1496820
C16: SUBTOTAL | K16: =SUM(K10:K15) -> 78653292
G17: TOTAL | K17: =SUM(K16:K16) -> 78653292
G18: VALOR IVA | K18: =ROUND(K17*0.19,0) -> 14944125
G19: SUBTOTAL (INCLUYE IVA) | K19: =SUM(K17:K18) -> 93597417
G20: VALOR TOTAL | K20: =K19 -> 93597417 | O20: =K20/I10 -> 821029.97
C23: NOTA 1: Se debe tener en cuenta que el PRECIO UNITARIO incluye el valor de A.I.U. | H23: DESCRIPCION | K23: PORCENTAJE
C24: NOTA 2: Cuando la fracción decimal del peso sea igual o superior a 5 se aproximara por exceso al número entero siguiente del peso y cuando la fracción decimal del peso sea inferior a 5 se aproximará por defecto al número entero del peso. | H24: ADMINISTRACION | J24: A= | K24: 0
C25: NOTA 3: El A.I.U y su discriminación deben estar en porcentaje (%). | H25: IMPREVISTO | J25: I= | K25: 0
H26: UTILIDAD | J26: U= | K26: 0.05
H27: TOTAL A.I.U | J27: A.I.U.= | K27: =SUM(K24:K26) -> 0.05

Sheet 450.2P
K1: CÓDIGO | L1: MINFRA-MN-IN-10-FR-1
C2: INSTITUTO NACIONAL DE VIAS
C3: PROCESO GESTIÓN DE LA INFRAESTRUCTURA VIAL | K3: VERSIÓN | L3: 1
C4: MANUAL DE INTERVENTORÍA OBRA PÚBLICA
C5: ANÁLISIS DE PRECIOS UNITARIOS | K5: PÁGINA | M5: DE
K8: FECHA
L9: (Día) | M9: (Mes) | N9: (Año)
B10: ITEMS DE LA PROPUESTA ECONÓMICA | F10: □ | I10: ITEMS NO PREVISTOS | K10: □
B11: UNIDAD EJECUTORA: | J11: DIRECCIÓN TERRITORIAL:
B14: CONTRATO No. | D14: DE
B15: OBJETO DEL CONTRATO:
B18: CARRETERA: | J18: SECTOR:
B20: CONTRATISTA:
B22: INTERVENTOR: | K22: CTO No.: | M22: DE
B24: FECHA CIERRE PROCESO DE SELECCIÓN CONTRATO DE OBRA:
F25: (Día) | I25: (Mes) | J25: (Año)
B27: DATOS ESPECÍFICOS
B29: ITEM | C29: DESCRIPCIÓN | K29: GRUPO DE AJUSTE | L29: UNIDAD | N29: CANTIDAD
B30: ITEM | C30: DESCRIPCIÓN | L30: UNIDAD | N30: CANTIDAD
B31: 450.2P | C31: MEZCLA EN CALIENTE PARA BACHEO TIPO MDC-19 | L31: M3
B33: I. EQUIPO
B35: DESCRIPCIÓN | I35: TIPO | K35: TARIFA/HORA | L35: RENDIMIENTO | N35: Vr. UNITARIO
B43: SUBTOTAL $ | N43: =SUM(N36:N42) -> 0
B45: II. MATERIALES
B47: DESCRIPCIÓN | J47: UNIDAD | K47: CANTIDAD | L47: PRECIO UNIT. | N47: Vr. UNITARIO
B48: MEZCLA EN CALIENTE PARA BACHEO TIPO MDC-19 | J48: M3 | K48: 1 | L48: 464000 | N48: =L48 -> 464000
B54: SUBTOTAL $ | N54: =SUM(N48:N53) -> 464000
B56: III. TRANSPORTES
B58: MATERIAL | H58: UNIDAD | I58: CANTIDAD (1) | J58: DISTANCIA (2) | K58: (1) * (2) | L58: TARIFA | N58: Vr. UNITARIO
B59: MEZCLA EN CALIENTE PARA BACHEO TIPO MDC-19 | H59: M3/KM | I59: 1 | J59: 80 | K59: =+J59*I59 -> 80 | L59: 1100 | N59: =K59*L59 -> 88000
B65: SUBTOTAL $ | N65: =N59+N60+N61+N62+N63 -> 88000
B67: IV. MANO DE OBRA
B69: TRABAJADOR | I69: JORNAL | J69: PRESTACIONES (%) | K69: JORNAL TOTAL | L69: RENDIMIENTO | N69: Vr. UNITARIO
B76: SUBTOTAL $ | N76: =N70+N71+N72+N73+N74 -> 0
B78: TOTAL COSTO DIRECTO $ | N78: =N43+N54+N65+N76 -> 552000
B80: V. COSTOS INDIRECTOS
B82: Descripción | K82: Porcentaje | L82: Valor Total
B83: ADMINISTRACION
B84: IMPREVISTOS
B85: UTILIDAD | K85: 0.05 | L85: =N78*K85 -> 27600
B86: SUBTOTAL $ | N86: =L83+L84+L85 -> 27600
A88: Pfinal01 | B88: Precio Unitario Total Aproximado al Peso $ | N88: =N78+N86 -> 579600
E93: Firma
E94: Nombre:
E95: Representante Legal del Contratista o su Apoderado
E96: Matricula No. :
B98: OBSERVACIONES INTERVENTORÍA:
B104: APROBACIÓN POR INTERVENTORÍA
B105: Nota 1: Cuando se trate de Análisis de precios unitarios correspondientes a ítems de la propuesta económica aprobada, el Interventor aprueba el desglose de los componentes manteniendo el mismo precio unitario de cada ítem, cumpliendo con las especificaciones de construcción vigentes para el proyecto.
B107: Nota 2: Cuando se trate de Análisis de precios unitarios de ítems no previstos, el Interventor aprueba el desglose y precio unitario de cada ítem no previsto, exigiendo la aplicación de los costos correspondientes a insumos y tarifas de la propuesta económica inicial cuando estén contemplados, cumpliendo con las especificaciones de construcción vigente para el proyecto.
E113: Firma
E114: Nombre:
E115: Representante Legal del Interventor o su Apoderado
E116: Matricula No. :
B118: Original: Archivo de Gestión del Contrato (Subdirección Administrativa).
B119: Copias: Unidad Ejecutora, Contratista, Interventor y Dirección Territorial.

Sheet 411.1P
K1: CÓDIGO | L1: MINFRA-MN-IN-10-FR-1
C2: INSTITUTO NACIONAL DE VIAS
C3: PROCESO GESTIÓN DE LA INFRAESTRUCTURA VIAL | K3: VERSIÓN | L3: 1
C4: MANUAL DE INTERVENTORÍA OBRA PÚBLICA
C5: ANÁLISIS DE PRECIOS UNITARIOS | K5: PÁGINA | M5: DE
K8: FECHA
L9: (Día) | M9: (Mes) | N9: (Año)
B10: ITEMS DE LA PROPUESTA ECONÓMICA | F10: □ | I10: ITEMS NO PREVISTOS | K10: □
B11: UNIDAD EJECUTORA: | J11: DIRECCIÓN TERRITORIAL:
B14: CONTRATO No. | D14: DE
B15: OBJETO DEL CONTRATO:
B18: CARRETERA: | J18: SECTOR:
B20: CONTRATISTA:
B22: INTERVENTOR: | K22: CTO No.: | M22: DE
B24: FECHA CIERRE PROCESO DE SELECCIÓN CONTRATO DE OBRA:
F25: (Día) | I25: (Mes) | J25: (Año)
B27: DATOS ESPECÍFICOS
B29: ITEM | C29: DESCRIPCIÓN | K29: GRUPO DE AJUSTE | L29: UNIDAD | N29: CANTIDAD
B30: ITEM | C30: DESCRIPCIÓN | L30: UNIDAD | N30: CANTIDAD
B31: 411.1P | C31: SUMINISTRO DE EMULSIÓN ASFÁLTICA CRR-1 | L31: Litro
B33: I. EQUIPO
B35: DESCRIPCIÓN | I35: TIPO | K35: TARIFA/HORA | L35: RENDIMIENTO | N35: Vr. UNITARIO
B43: SUBTOTAL $ | N43: =SUM(N36:N42) -> 0
B45: II. MATERIALES
B47: DESCRIPCIÓN | J47: UNIDAD | K47: CANTIDAD | L47: PRECIO UNIT. | N47: Vr. UNITARIO
B48: EMULSIÓN ASFÁLTICA CRR-1 | J48: Litro | K48: 1 | L48: 2100 | N48: =+L48*K48 -> 2100
B54: SUBTOTAL $ | N54: =SUM(N48:N53) -> 2100
B56: III. TRANSPORTES
B58: MATERIAL | H58: UNIDAD | I58: CANTIDAD (1) | J58: DISTANCIA (2) | K58: (1) * (2) | L58: TARIFA | N58: Vr. UNITARIO
B65: SUBTOTAL $ | N65: =N59+N60+N61+N62+N63 -> 0
B67: IV. MANO DE OBRA
B69: TRABAJADOR | I69: JORNAL | J69: PRESTACIONES (%) | K69: JORNAL TOTAL | L69: RENDIMIENTO | N69: Vr. UNITARIO
B76: SUBTOTAL $ | N76: =N70+N71+N72+N73+N74 -> 0
B78: TOTAL COSTO DIRECTO $ | N78: =N43+N54+N65+N76 -> 2100
B80: V. COSTOS INDIRECTOS
B82: Descripción | K82: Porcentaje | L82: Valor Total
B83: ADMINISTRACION
B84: IMPREVISTOS
B85: UTILIDAD | K85: 0.05 | L85: =N78*K85 -> 105
B86: SUBTOTAL $ | N86: =L83+L84+L85 -> 105
A88: Pfinal01 | B88: Precio Unitario Total Aproximado al Peso $ | N88: =N78+N86 -> 2205
E93: Firma
E94: Nombre:
E95: Representante Legal del Contratista o su Apoderado
E96: Matricula No. :
B98: OBSERVACIONES INTERVENTORÍA:
B104: APROBACIÓN POR INTERVENTORÍA
B105: Nota 1: Cuando se trate de Análisis de precios unitarios correspondientes a ítems de la propuesta económica aprobada, el Interventor aprueba el desglose de los componentes manteniendo el mismo precio unitario de cada ítem, cumpliendo con las especificaciones de construcción vigentes para el proyecto.
B107: Nota 2: Cuando se trate de Análisis de precios unitarios de ítems no previstos, el Interventor aprueba el desglose y precio unitario de cada ítem no previsto, exigiendo la aplicación de los costos correspondientes a insumos y tarifas de la propuesta económica inicial cuando estén contemplados, cumpliendo con las especificaciones de construcción vigente para el proyecto.
E113: Firma
E114: Nombre:
E115: Representante Legal del Interventor o su Apoderado
E116: Matricula No. :
B118: Original: Archivo de Gestión del Contrato (Subdirección Administrativa).
B119: Copias: Unidad Ejecutora, Contratista, Interventor y Dirección Territorial.

Sheet 465.1P
K1: CÓDIGO | L1: MINFRA-MN-IN-10-FR-1
C2: INSTITUTO NACIONAL DE VIAS
C3: PROCESO GESTIÓN DE LA INFRAESTRUCTURA VIAL | K3: VERSIÓN | L3: 1
C4: MANUAL DE INTERVENTORÍA OBRA PÚBLICA
C5: ANÁLISIS DE PRECIOS UNITARIOS | K5: PÁGINA | M5: DE
K8: FECHA
L9: (Día) | M9: (Mes) | N9: (Año)
B10: ITEMS DE LA PROPUESTA ECONÓMICA | F10: □ | I10: ITEMS NO PREVISTOS | K10: □
B11: UNIDAD EJECUTORA: | J11: DIRECCIÓN TERRITORIAL:
B14: CONTRATO No. | D14: DE
B15: OBJETO DEL CONTRATO:
B18: CARRETERA: | J18: SECTOR:
B20: CONTRATISTA:
B22: INTERVENTOR: | K22: CTO No.: | M22: DE
B24: FECHA CIERRE PROCESO DE SELECCIÓN CONTRATO DE OBRA:
F25: (Día) | I25: (Mes) | J25: (Año)
B27: DATOS ESPECÍFICOS
B29: ITEM | C29: DESCRIPCIÓN | K29: GRUPO DE AJUSTE | L29: UNIDAD | N29: CANTIDAD
B30: ITEM | C30: DESCRIPCIÓN | L30: UNIDAD | N30: CANTIDAD
B31: 465.1P | C31: SUMINISTRO DE TERMINADORA DE ASFALTO PARA ACTIVIDADES DE BACHEO DE PAVIMENTO (INCLUYE TRANSPORTE) | L31: M3
B33: I. EQUIPO
B35: DESCRIPCIÓN | I35: TIPO | K35: TARIFA/HORA | L35: RENDIMIENTO | N35: Vr. UNITARIO
B36: TERMINADORA DE ASFALTO | K36: 225000 | L36: 20 | N36: =K36/L36 -> 11250 | P36: =K36*8 -> 1800000
P38: =N36*'PO OPC1'!I10 -> 1282500
B43: SUBTOTAL $ | N43: =SUM(N36:N42) -> 11250
B45: II. MATERIALES
B47: DESCRIPCIÓN | J47: UNIDAD | K47: CANTIDAD | L47: PRECIO UNIT. | N47: Vr. UNITARIO
B54: SUBTOTAL $
B56: III. TRANSPORTES
B58: MATERIAL | H58: UNIDAD | I58: CANTIDAD (1) | J58: DISTANCIA (2) | K58: (1) * (2) | L58: TARIFA | N58: Vr. UNITARIO
B59: MAQUINARIA | L59: 11000 | N59: =+L59 -> 11000 | P59: =N59*'PO OPC1'!I10 -> 1254000
B65: SUBTOTAL $ | N65: =N59+N60+N61+N62+N63 -> 11000
B67: IV. MANO DE OBRA
B69: TRABAJADOR | I69: JORNAL | J69: PRESTACIONES (%) | K69: JORNAL TOTAL | L69: RENDIMIENTO | N69: Vr. UNITARIO
B76: SUBTOTAL $ | N76: =N70+N71+N72+N73+N74 -> 0
B78: TOTAL COSTO DIRECTO $ | N78: =N43+N54+N65+N76 -> 22250
B80: V. COSTOS INDIRECTOS
B82: Descripción | K82: Porcentaje | L82: Valor Total
B83: ADMINISTRACION
B84: IMPREVISTOS
B85: UTILIDAD | K85: 0.05 | L85: =ROUND(N78*K85,0) -> 1113
B86: SUBTOTAL $ | N86: =L83+L84+L85 -> 1113
B88: Precio Unitario Total Aproximado al Peso $ | N88: =N78+N86 -> 23363
E93: Firma
E94: Nombre:
E95: Representante Legal del Contratista o su Apoderado
E96: Matricula No. :
B98: OBSERVACIONES INTERVENTORÍA:
B104: APROBACIÓN POR INTERVENTORÍA
B105: Nota 1: Cuando se trate de Análisis de precios unitarios correspondientes a ítems de la propuesta económica aprobada, el Interventor aprueba el desglose de los componentes manteniendo el mismo precio unitario de cada ítem, cumpliendo con las especificaciones de construcción vigentes para el proyecto.
B107: Nota 2: Cuando se trate de Análisis de precios unitarios de ítems no previstos, el Interventor aprueba el desglose y precio unitario de cada ítem no previsto, exigiendo la aplicación de los costos correspondientes a insumos y tarifas de la propuesta económica inicial cuando estén contemplados, cumpliendo con las especificaciones de construcción vigente para el proyecto.
E113: Firma
E114: Nombre:
E115: Representante Legal del Interventor o su Apoderado
E116: Matricula No. :
B118: Original: Archivo de Gestión del Contrato (Subdirección Administrativa).
B119: Copias: Unidad Ejecutora, Contratista, Interventor y Dirección Territorial.

Sheet 465.2P
K1: CÓDIGO | L1: MINFRA-MN-IN-10-FR-1
C2: INSTITUTO NACIONAL DE VIAS
C3: PROCESO GESTIÓN DE LA INFRAESTRUCTURA VIAL | K3: VERSIÓN | L3: 1
C4: MANUAL DE INTERVENTORÍA OBRA PÚBLICA
C5: ANÁLISIS DE PRECIOS UNITARIOS | K5: PÁGINA | M5: DE
K8: FECHA
L9: (Día) | M9: (Mes) | N9: (Año)
B10: ITEMS DE LA PROPUESTA ECONÓMICA | F10: □ | I10: ITEMS NO PREVISTOS | K10: □
B11: UNIDAD EJECUTORA: | J11: DIRECCIÓN TERRITORIAL:
B14: CONTRATO No. | D14: DE
B15: OBJETO DEL CONTRATO:
B18: CARRETERA: | J18: SECTOR:
B20: CONTRATISTA:
B22: INTERVENTOR: | K22: CTO No.: | M22: DE
B24: FECHA CIERRE PROCESO DE SELECCIÓN CONTRATO DE OBRA:
F25: (Día) | I25: (Mes) | J25: (Año)
B27: DATOS ESPECÍFICOS
B29: ITEM | C29: DESCRIPCIÓN | K29: GRUPO DE AJUSTE | L29: UNIDAD | N29: CANTIDAD
B30: ITEM | C30: DESCRIPCIÓN | L30: UNIDAD | N30: CANTIDAD
B31: 465.2P | C31: SUMINISTRO DE COMPACTADOR VIBRATORIO PARA ACTIVIDADES DE BACHEO DE PAVIMENTO (INCLUYE TRANSPORTE) | L31: M3
B33: I. EQUIPO
B35: DESCRIPCIÓN | I35: TIPO | K35: TARIFA/HORA | L35: RENDIMIENTO | N35: Vr. UNITARIO
B36: COMPACTADOR VIBRATORIO | K36: 48000 | L36: 6 | N36: 8000
B43: SUBTOTAL $ | N43: =SUM(N36:N42) -> 8000
B45: II. MATERIALES
B47: DESCRIPCIÓN | J47: UNIDAD | K47: CANTIDAD | L47: PRECIO UNIT. | N47: Vr. UNITARIO
B54: SUBTOTAL $
B56: III. TRANSPORTES
B58: MATERIAL | H58: UNIDAD | I58: CANTIDAD (1) | J58: DISTANCIA (2) | K58: (1) * (2) | L58: TARIFA | N58: Vr. UNITARIO
B59: MAQUINARIA | L59: 6000 | N59: =+L59 -> 6000
B65: SUBTOTAL $ | N65: =N59+N60+N61+N62+N63 -> 6000 | P65: =N65*#REF! -> #REF!
B67: IV. MANO DE OBRA
B69: TRABAJADOR | I69: JORNAL | J69: PRESTACIONES (%) | K69: JORNAL TOTAL | L69: RENDIMIENTO | N69: Vr. UNITARIO
B76: SUBTOTAL $ | N76: =N70+N71+N72+N73+N74 -> 0
B78: TOTAL COSTO DIRECTO $ | N78: =N43+N54+N65+N76 -> 14000
B80: V. COSTOS INDIRECTOS
B82: Descripción | K82: Porcentaje | L82: Valor Total
B83: ADMINISTRACION
B84: IMPREVISTOS
B85: UTILIDAD | K85: 0.05 | L85: =N78*K85 -> 700
B86: SUBTOTAL $ | N86: =L83+L84+L85 -> 700
A88: PFinal01 | B88: Precio Unitario Total Aproximado al Peso $ | N88: =N78+N86 -> 14700
E93: Firma
E94: Nombre:
E95: Representante Legal del Contratista o su Apoderado
E96: Matricula No. :
B98: OBSERVACIONES INTERVENTORÍA:
B104: APROBACIÓN POR INTERVENTORÍA
B105: Nota 1: Cuando se trate de Análisis de precios unitarios correspondientes a ítems de la propuesta económica aprobada, el Interventor aprueba el desglose de los componentes manteniendo el mismo precio unitario de cada ítem, cumpliendo con las especificaciones de construcción vigentes para el proyecto.
B107: Nota 2: Cuando se trate de Análisis de precios unitarios de ítems no previstos, el Interventor aprueba el desglose y precio unitario de cada ítem no previsto, exigiendo la aplicación de los costos correspondientes a insumos y tarifas de la propuesta económica inicial cuando estén contemplados, cumpliendo con las especificaciones de construcción vigente para el proyecto.
E113: Firma
E114: Nombre:
E115: Representante Legal del Interventor o su Apoderado
E116: Matricula No. :
B118: Original: Archivo de Gestión del Contrato (Subdirección Administrativa).
B119: Copias: Unidad Ejecutora, Contratista, Interventor y Dirección Territorial.

Sheet 465.5P
K1: CÓDIGO | L1: MINFRA-MN-IN-10-FR-1
C2: INSTITUTO NACIONAL DE VIAS
C3: PROCESO GESTIÓN DE LA INFRAESTRUCTURA VIAL | K3: VERSIÓN | L3: 1
C4: MANUAL DE INTERVENTORÍA OBRA PÚBLICA
C5: ANÁLISIS DE PRECIOS UNITARIOS | K5: PÁGINA | M5: DE
K8: FECHA
L9: (Día) | M9: (Mes) | N9: (Año)
B10: ITEMS DE LA PROPUESTA ECONÓMICA | F10: □ | I10: ITEMS NO PREVISTOS | K10: □
B11: UNIDAD EJECUTORA: | J11: DIRECCIÓN TERRITORIAL:
B14: CONTRATO No. | D14: DE
B15: OBJETO DEL CONTRATO:
B18: CARRETERA: | J18: SECTOR:
B20: CONTRATISTA:
B22: INTERVENTOR: | K22: CTO No.: | M22: DE
B24: FECHA CIERRE PROCESO DE SELECCIÓN CONTRATO DE OBRA:
F25: (Día) | I25: (Mes) | J25: (Año)
B27: DATOS ESPECÍFICOS
B29: ITEM | C29: DESCRIPCIÓN | K29: GRUPO DE AJUSTE | L29: UNIDAD | N29: CANTIDAD
B30: ITEM | C30: DESCRIPCIÓN | L30: UNIDAD | N30: CANTIDAD
B31: 465.5P | C31: SUMINISTRO DE COMPACTADOR VIBRATORIO PARA ACTIVIDADES DE BACHEO DE PAVIMENTO (INCLUYE TRANSPORTE) | L31: ML
B33: I. EQUIPO
B35: DESCRIPCIÓN | I35: TIPO | K35: TARIFA/HORA | L35: RENDIMIENTO | N35: Vr. UNITARIO
B36: CORTADORA | K36: 60000 | L36: 8 | N36: =K36/L36 -> 7500
B43: SUBTOTAL $ | N43: =SUM(N36:N42) -> 7500
B45: II. MATERIALES
B47: DESCRIPCIÓN | J47: UNIDAD | K47: CANTIDAD | L47: PRECIO UNIT. | N47: Vr. UNITARIO
B54: SUBTOTAL $
B56: III. TRANSPORTES
B58: MATERIAL | H58: UNIDAD | I58: CANTIDAD (1) | J58: DISTANCIA (2) | K58: (1) * (2) | L58: TARIFA | N58: Vr. UNITARIO
B59: MAQUINARIA | L59: 650 | N59: =+L59 -> 650
B65: SUBTOTAL $ | N65: =N59+N60+N61+N62+N63 -> 650 | P65: =N65*#REF! -> #REF!
B67: IV. MANO DE OBRA
B69: TRABAJADOR | I69: JORNAL | J69: PRESTACIONES (%) | K69: JORNAL TOTAL | L69: RENDIMIENTO | N69: Vr. UNITARIO
B76: SUBTOTAL $ | N76: =N70+N71+N72+N73+N74 -> 0
B78: TOTAL COSTO DIRECTO $ | N78: =N43+N54+N65+N76 -> 8150
B80: V. COSTOS INDIRECTOS
B82: Descripción | K82: Porcentaje | L82: Valor Total
B83: ADMINISTRACION
B84: IMPREVISTOS
B85: UTILIDAD | K85: 0.05 | L85: =N78*K85 -> 407.5
B86: SUBTOTAL $ | N86: =L83+L84+L85 -> 407.5
A88: PFinal01 | B88: Precio Unitario Total Aproximado al Peso $ | N88: =N78+N86 -> 8557.5
E93: Firma
E94: Nombre:
E95: Representante Legal del Contratista o su Apoderado
E96: Matricula No. :
B98: OBSERVACIONES INTERVENTORÍA:
B104: APROBACIÓN POR INTERVENTORÍA
B105: Nota 1: Cuando se trate de Análisis de precios unitarios correspondientes a ítems de la propuesta económica aprobada, el Interventor aprueba el desglose de los componentes manteniendo el mismo precio unitario de cada ítem, cumpliendo con las especificaciones de construcción vigentes para el proyecto.
B107: Nota 2: Cuando se trate de Análisis de precios unitarios de ítems no previstos, el Interventor aprueba el desglose y precio unitario de cada ítem no previsto, exigiendo la aplicación de los costos correspondientes a insumos y tarifas de la propuesta económica inicial cuando estén contemplados, cumpliendo con las especificaciones de construcción vigente para el proyecto.
E113: Firma
E114: Nombre:
E115: Representante Legal del Interventor o su Apoderado
E116: Matricula No. :
B118: Original: Archivo de Gestión del Contrato (Subdirección Administrativa).
B119: Copias: Unidad Ejecutora, Contratista, Interventor y Dirección Territorial.

Sheet 465.4P 
K1: CÓDIGO | L1: MINFRA-MN-IN-10-FR-1
C2: INSTITUTO NACIONAL DE VIAS
C3: PROCESO GESTIÓN DE LA INFRAESTRUCTURA VIAL | K3: VERSIÓN | L3: 1
C4: MANUAL DE INTERVENTORÍA OBRA PÚBLICA
C5: ANÁLISIS DE PRECIOS UNITARIOS | K5: PÁGINA | M5: DE
K8: FECHA
L9: (Día) | M9: (Mes) | N9: (Año)
B10: ITEMS DE LA PROPUESTA ECONÓMICA | F10: □ | I10: ITEMS NO PREVISTOS | K10: □
B11: UNIDAD EJECUTORA: | J11: DIRECCIÓN TERRITORIAL:
B14: CONTRATO No. | D14: DE
B15: OBJETO DEL CONTRATO:
B18: CARRETERA: | J18: SECTOR:
B20: CONTRATISTA:
B22: INTERVENTOR: | K22: CTO No.: | M22: DE
B24: FECHA CIERRE PROCESO DE SELECCIÓN CONTRATO DE OBRA:
F25: (Día) | I25: (Mes) | J25: (Año)
B27: DATOS ESPECÍFICOS
B29: ITEM | C29: DESCRIPCIÓN | K29: GRUPO DE AJUSTE | L29: UNIDAD | N29: CANTIDAD
B30: ITEM | C30: DESCRIPCIÓN | L30: UNIDAD | N30: CANTIDAD
B31: 465.4P | C31: SUMINISTRO DE RETROCARGADOR O MINICARGADOR PARA ACTIVIDADES DE BACHEO DE PAVIMENTO (INCLUYE TRANSPORTE) | L31: M3
B33: I. EQUIPO
B35: DESCRIPCIÓN | I35: TIPO | K35: TARIFA/HORA | L35: RENDIMIENTO | N35: Vr. UNITARIO
B36: RETROCARGADOR O MINICARGADOR | K36: 90000 | L36: 12 | N36: =K36/L36 -> 7500
B43: SUBTOTAL $ | N43: =SUM(N36:N42) -> 7500
B45: II. MATERIALES
B47: DESCRIPCIÓN | J47: UNIDAD | K47: CANTIDAD | L47: PRECIO UNIT. | N47: Vr. UNITARIO
B54: SUBTOTAL $
B56: III. TRANSPORTES
B58: MATERIAL | H58: UNIDAD | I58: CANTIDAD (1) | J58: DISTANCIA (2) | K58: (1) * (2) | L58: TARIFA | N58: Vr. UNITARIO
B59: MAQUINARIA | L59: 6000 | N59: =+L59 -> 6000
B65: SUBTOTAL $ | N65: =N59+N60+N61+N62+N63 -> 6000 | P65: =N65*#REF! -> #REF!
B67: IV. MANO DE OBRA
B69: TRABAJADOR | I69: JORNAL | J69: PRESTACIONES (%) | K69: JORNAL TOTAL | L69: RENDIMIENTO | N69: Vr. UNITARIO
B76: SUBTOTAL $ | N76: =N70+N71+N72+N73+N74 -> 0
B78: TOTAL COSTO DIRECTO $ | N78: =N43+N54+N65+N76 -> 13500
B80: V. COSTOS INDIRECTOS
B82: Descripción | K82: Porcentaje | L82: Valor Total
B83: ADMINISTRACION
B84: IMPREVISTOS
B85: UTILIDAD | K85: 0.05 | L85: =N78*K85 -> 675
B86: SUBTOTAL $ | N86: =L83+L84+L85 -> 675
A88: PFinal01 | B88: Precio Unitario Total Aproximado al Peso $ | N88: =N78+N86 -> 14175
E93: Firma
E94: Nombre:
E95: Representante Legal del Contratista o su Apoderado
E96: Matricula No. :
B98: OBSERVACIONES INTERVENTORÍA:
B104: APROBACIÓN POR INTERVENTORÍA
B105: Nota 1: Cuando se trate de Análisis de precios unitarios correspondientes a ítems de la propuesta económica aprobada, el Interventor aprueba el desglose de los componentes manteniendo el mismo precio unitario de cada ítem, cumpliendo con las especificaciones de construcción vigentes para el proyecto.
B107: Nota 2: Cuando se trate de Análisis de precios unitarios de ítems no previstos, el Interventor aprueba el desglose y precio unitario de cada ítem no previsto, exigiendo la aplicación de los costos correspondientes a insumos y tarifas de la propuesta económica inicial cuando estén contemplados, cumpliendo con las especificaciones de construcción vigente para el proyecto.
E113: Firma
E114: Nombre:
E115: Representante Legal del Interventor o su Apoderado
E116: Matricula No. :
B118: Original: Archivo de Gestión del Contrato (Subdirección Administrativa).
B119: Copias: Unidad Ejecutora, Contratista, Interventor y Dirección Territorial.

Sheet 465.3P
K1: CÓDIGO | L1: MINFRA-MN-IN-10-FR-1
C2: INSTITUTO NACIONAL DE VIAS
C3: PROCESO GESTIÓN DE LA INFRAESTRUCTURA VIAL | K3: VERSIÓN | L3: 1
C4: MANUAL DE INTERVENTORÍA OBRA PÚBLICA
C5: ANÁLISIS DE PRECIOS UNITARIOS | K5: PÁGINA | M5: DE
K8: FECHA
L9: (Día) | M9: (Mes) | N9: (Año)
B10: ITEMS DE LA PROPUESTA ECONÓMICA | F10: □ | I10: ITEMS NO PREVISTOS | K10: □
B11: UNIDAD EJECUTORA: | J11: DIRECCIÓN TERRITORIAL:
B14: CONTRATO No. | D14: DE
B15: OBJETO DEL CONTRATO:
B18: CARRETERA: | J18: SECTOR:
B20: CONTRATISTA:
B22: INTERVENTOR: | K22: CTO No.: | M22: DE
B24: FECHA CIERRE PROCESO DE SELECCIÓN CONTRATO DE OBRA:
F25: (Día) | I25: (Mes) | J25: (Año)
B27: DATOS ESPECÍFICOS
B29: ITEM | C29: DESCRIPCIÓN | K29: GRUPO DE AJUSTE | L29: UNIDAD | N29: CANTIDAD
B30: ITEM | C30: DESCRIPCIÓN | L30: UNIDAD | N30: CANTIDAD
B31: 465.3P | C31: SUMINISTRO DE FRESADORA DE PAVIMENTO ASFALTICO PARA ACTIVIDADES DE BACHEO DE PAVIMENTO (INCLUYE TRANSPORTE) | L31: M3
B33: I. EQUIPO
B35: DESCRIPCIÓN | I35: TIPO | K35: TARIFA/HORA | L35: RENDIMIENTO | N35: Vr. UNITARIO
B36: FRESADORA DE PAVIMENTO ASFALTICO | K36: 350000 | L36: 20 | N36: =+K36/L36 -> 17500 | P36: =N36*'PO OPC1'!I10 -> 1995000
P38: =K36*8 -> 2800000
B43: SUBTOTAL $ | N43: =SUM(N36:N42) -> 17500
B45: II. MATERIALES
B47: DESCRIPCIÓN | J47: UNIDAD | K47: CANTIDAD | L47: PRECIO UNIT. | N47: Vr. UNITARIO
B48: AGUA | N48: 3000 | P48: =N48*'PO OPC1'!I10 -> 342000
B54: SUBTOTAL $ | N54: =SUM(N48:N53) -> 3000
B56: III. TRANSPORTES
B58: MATERIAL | H58: UNIDAD | I58: CANTIDAD (1) | J58: DISTANCIA (2) | K58: (1) * (2) | L58: TARIFA | N58: Vr. UNITARIO
B59: MAQUINARIA | L59: 11000 | N59: =+L59 -> 11000 | P59: =L59*'PO OPC1'!I10 -> 1254000
B65: SUBTOTAL $ | N65: =N59+N60+N61+N62+N63 -> 11000
B67: IV. MANO DE OBRA
B69: TRABAJADOR | I69: JORNAL | J69: PRESTACIONES (%) | K69: JORNAL TOTAL | L69: RENDIMIENTO | N69: Vr. UNITARIO
B76: SUBTOTAL $ | N76: =N70+N71+N72+N73+N74 -> 0
B78: TOTAL COSTO DIRECTO $ | N78: =N43+N54+N65+N76 -> 31500
B80: V. COSTOS INDIRECTOS
B82: Descripción | K82: Porcentaje | L82: Valor Total
B83: ADMINISTRACION
B84: IMPREVISTOS
B85: UTILIDAD | K85: 0.05 | L85: =N78*K85 -> 1575
B86: SUBTOTAL $ | N86: =L83+L84+L85 -> 1575
A88: PFinal01 | B88: Precio Unitario Total Aproximado al Peso $ | N88: =N78+N86 -> 33075
E93: Firma
E94: Nombre:
E95: Representante Legal del Contratista o su Apoderado
E96: Matricula No. :
B98: OBSERVACIONES INTERVENTORÍA:
B104: APROBACIÓN POR INTERVENTORÍA
B105: Nota 1: Cuando se trate de Análisis de precios unitarios correspondientes a ítems de la propuesta económica aprobada, el Interventor aprueba el desglose de los componentes manteniendo el mismo precio unitario de cada ítem, cumpliendo con las especificaciones de construcción vigentes para el proyecto.
B107: Nota 2: Cuando se trate de Análisis de precios unitarios de ítems no previstos, el Interventor aprueba el desglose y precio unitario de cada ítem no previsto, exigiendo la aplicación de los costos correspondientes a insumos y tarifas de la propuesta económica inicial cuando estén contemplados, cumpliendo con las especificaciones de construcción vigente para el proyecto.
E113: Firma
E114: Nombre:
E115: Representante Legal del Interventor o su Apoderado
E116: Matricula No. :
B118: Original: Archivo de Gestión del Contrato (Subdirección Administrativa).
B119: Copias: Unidad Ejecutora, Contratista, Interventor y Dirección Territorial.

Sheet 900.00
K1: CÓDIGO | L1: MINFRA-MN-IN-10-FR-1
C2: INSTITUTO NACIONAL DE VIAS
C3: PROCESO GESTIÓN DE LA INFRAESTRUCTURA VIAL | K3: VERSIÓN | L3: 1
C4: MANUAL DE INTERVENTORÍA OBRA PÚBLICA
C5: ANÁLISIS DE PRECIOS UNITARIOS | K5: PÁGINA | M5: DE
K8: FECHA
L9: (Día) | M9: (Mes) | N9: (Año)
B10: ITEMS DE LA PROPUESTA ECONÓMICA | F10: □ | I10: ITEMS NO PREVISTOS | K10: □
B11: UNIDAD EJECUTORA: | J11: DIRECCIÓN TERRITORIAL:
B14: CONTRATO No. | D14: DE
B15: OBJETO DEL CONTRATO:
B18: CARRETERA: | J18: SECTOR:
B20: CONTRATISTA:
B22: INTERVENTOR: | K22: CTO No.: | M22: DE
B24: FECHA CIERRE PROCESO DE SELECCIÓN CONTRATO DE OBRA:
F25: (Día) | I25: (Mes) | J25: (Año)
B27: DATOS ESPECÍFICOS
B29: ITEM | C29: DESCRIPCIÓN | K29: GRUPO DE AJUSTE | L29: UNIDAD | N29: CANTIDAD
B30: ITEM | C30: DESCRIPCIÓN | L30: UNIDAD | N30: CANTIDAD
B31: 900 | C31: TRANSPORTE PROVENIENTE DE LAS EXCAVACIONES Y FRESADOS | L31: M3-KM
B33: I. EQUIPO
B35: DESCRIPCIÓN | I35: TIPO | K35: TARIFA/HORA | L35: RENDIMIENTO | N35: Vr. UNITARIO
B36: VOLQUETA DE 7 M3 | K36: 500000 | L36: 400 | N36: =+K36/L36 -> 1250
B43: SUBTOTAL $ | N43: =SUM(N36:N42) -> 1250
B45: II. MATERIALES
B47: DESCRIPCIÓN | J47: UNIDAD | K47: CANTIDAD | L47: PRECIO UNIT. | N47: Vr. UNITARIO
B54: SUBTOTAL $
B56: III. TRANSPORTES
B58: MATERIAL | H58: UNIDAD | I58: CANTIDAD (1) | J58: DISTANCIA (2) | K58: (1) * (2) | L58: TARIFA | N58: Vr. UNITARIO
B65: SUBTOTAL $ | N65: =N59+N60+N61+N62+N63 -> 0
B67: IV. MANO DE OBRA
B69: TRABAJADOR | I69: JORNAL | J69: PRESTACIONES (%) | K69: JORNAL TOTAL | L69: RENDIMIENTO | N69: Vr. UNITARIO
B76: SUBTOTAL $ | N76: =N70+N71+N72+N73+N74 -> 0
B78: TOTAL COSTO DIRECTO $ | N78: =N43+N54+N65+N76 -> 1250
B80: V. COSTOS INDIRECTOS
B82: Descripción | K82: Porcentaje | L82: Valor Total
B83: ADMINISTRACION
B84: IMPREVISTOS
B85: UTILIDAD | K85: 0.05 | L85: =ROUND(N78*K85,0) -> 63
B86: SUBTOTAL $ | N86: =L83+L84+L85 -> 63
A88: PFinal01 | B88: Precio Unitario Total Aproximado al Peso $ | N88: =N78+N86 -> 1313
E93: Firma
E94: Nombre:
E95: Representante Legal del Contratista o su Apoderado
E96: Matricula No. :
B98: OBSERVACIONES INTERVENTORÍA:
B104: APROBACIÓN POR INTERVENTORÍA
B105: Nota 1: Cuando se trate de Análisis de precios unitarios correspondientes a ítems de la propuesta económica aprobada, el Interventor aprueba el desglose de los componentes manteniendo el mismo precio unitario de cada ítem, cumpliendo con las especificaciones de construcción vigentes para el proyecto.
B107: Nota 2: Cuando se trate de Análisis de precios unitarios de ítems no previstos, el Interventor aprueba el desglose y precio unitario de cada ítem no previsto, exigiendo la aplicación de los costos correspondientes a insumos y tarifas de la propuesta económica inicial cuando estén contemplados, cumpliendo con las especificaciones de construcción vigente para el proyecto.
E113: Firma
E114: Nombre:
E115: Representante Legal del Interventor o su Apoderado
E116: Matricula No. :
B118: Original: Archivo de Gestión del Contrato (Subdirección Administrativa).
B119: Copias: Unidad Ejecutora, Contratista, Interventor y Dirección Territorial.
